Senateurs vs Nordiques

Created - 8 mars 2016 at 20:30

Goals
1 2 3 T
Senateurs 1 0 4 5
Nordiques 0 3 0 3
Shots
1 2 3 T
Senateurs 13 9 18 40
Nordiques 6 11 10 27

1st period

1. Senateurs , Daymond Langkow 20 (Kurtis Foster, Vitaly Vishnevsky) at 13:08

Penalties :
Vladimir Mihalik (Ott) for Hooking (Minor) at 5:30, Daymond Langkow (Ott) for Interference (Minor) at 16:07

2nd period

2. Nordiques , Alexei Kovalev 15 (Kyle Calder, Kristopher Letang) at 1:39
3. Nordiques , Daniel Briere 22 (Chris Drury, R.J. Umberger) at 3:44
4. Nordiques , Alexei Kovalev 16 (Rich Peverley, Martin Brodeur) at 7:15 (PP)

Penalties :
Daymond Langkow (Ott) for Tripping (Minor) at 6:28, Kurtis Foster (Ott) for Hooking (Minor) at 12:47

3rd period

5. Senateurs , Andrew Ebbett 9 (Andy Hilbert, Dan Girardi) at 8:37
6. Senateurs , Daymond Langkow 21 (Richard Lintner, Darcy Hordichuk) at 9:42
7. Senateurs , Todd Bertuzzi 12 (Daymond Langkow) at 10:19
8. Senateurs , Darcy Hordichuk 19 (Kurtis Foster, Daymond Langkow) at 18:17 (PP)

Penalties :
Chris Drury (Que) for Kneeing (Minor) at 0:26, Jean-Pierre Dumont (Ott) for Hooking (Minor) at 4:15, Kyle Calder (Que) for Holding (Minor) at 5:17, Chris Neil (Que) for Hooking (Minor) at 17:22

Goalie Stats

Ondrej Pavelec (Ott), 24 saves from 27 shots - (0,889), W, 31-11-4, 60:00 minutes
Martin Brodeur (Que), 35 saves from 40 shots - (0,875), L, 21-25-6, 60:00 minutes

Players Stats for Senateurs

Player Name              G  A  P  +/- PIM S  H  SB GA TA FO     MP     PP MP  PK MP  
------------------------------------------------------------------------------------
Ales Kotalik             0  0  0  -1  0   4  0  0  1  0  0/0     9:10   0:00   0:10 
Andrew Ebbett            1  0  1   1  0   4  3  1  0  0  4/7    12:28   0:36   2:43 
Andy Hilbert             0  1  1   1  0   0  0  0  0  0  0/0    10:51   0:00   1:29 
Andy McDonald            0  0  0  -1  0   2  0  1  1  0  1/2    19:25   1:33   2:07 
B.J. Crombeen            0  0  0   1  0   2  1  1  1  0  0/0    10:05   0:36   0:00 
Brandon Dubinsky         0  0  0  -1  0   2  0  0  1  0  1/1     9:00   0:00   0:00 
Carlo Colaiacovo         0  0  0   1  0   0  3  0  0  1  0/0    20:23   2:08   2:32 
Dan Girardi              0  1  1   1  0   2  1  2  1  0  0/0    20:23   2:08   2:32 
Darcy Hordichuk          1  1  2   3  0   3  2  0  1  0  0/1    15:26   1:47   0:00 
Daymond Langkow          2  2  4   3  4   3  0  0  0  0  6/12   17:07   1:47   1:08 
Gilbert Brule            0  0  0  -1  0   4  0  0  3  1  19/36  21:58   1:33   4:29 
Jean-Pierre Dumont       0  0  0  -1  2   4  1  0  0  1  1/2    20:54   2:09   3:36 
Kurtis Foster            0  2  2   0  2   6  3  4  0  1  0/0    27:05   1:48   3:56 
Michal Grosek            0  0  0  -1  0   0  2  0  0  1  0/0     9:00   0:00   0:00 
Richard Lintner          0  1  1   1  0   1  0  1  0  0  0/0    12:31   0:00   1:18 
Todd Bertuzzi            1  0  1   3  0   3  2  0  1  1  1/2    15:26   1:47   0:00 
Vitaly Vishnevsky        0  1  1   0  0   0  5  1  0  1  0/0    27:36   1:48   5:04 
Vladimir Mihalik         0  0  0   1  2   0  1  2  0  0  0/0    12:24   0:00   0:00 

Players Stats for Nordiques

Player Name              G  A  P  +/- PIM S  H  SB GA TA FO     MP     PP MP  PK MP  
------------------------------------------------------------------------------------
Alexei Kovalev           2  0  2   0  0   3  2  0  0  0  0/6    19:02   3:40   0:05 
Chris Drury              0  1  1  -1  2   5  2  0  3  1  20/31  21:31   3:32   0:00 
Chris Neil               0  0  0   0  2   0  1  0  0  1  0/0     8:27   0:35   0:24 
Daniel Briere            1  0  1  -1  0   2  3  0  0  0  0/1    21:30   3:31   0:00 
Fedor Tyutin             0  0  0   1  0   2  2  1  1  2  0/0    28:04   4:57   2:18 
Jarret Stoll             0  0  0  -1  0   0  0  1  0  0  3/8    13:26   0:37   0:31 
Kristopher Letang        0  1  1   1  0   5  2  3  0  0  0/0    28:04   4:57   2:18 
Kyle Calder              0  1  1   0  2   0  1  1  1  0  0/0    18:03   3:35   0:48 
Mark Eaton               0  0  0  -2  0   0  1  2  0  1  0/0    19:35   2:32   1:38 
Matt Moulson             0  0  0  -1  0   0  1  0  0  0  0/0    11:19   0:42   0:07 
Mike Zigomanis           0  0  0   0  0   0  0  0  0  0  3/5     5:04   0:00   2:56 
Niclas Wallin            0  0  0  -1  0   0  1  1  0  1  0/0    12:21   0:17   0:00 
Niklas Kronwall          0  0  0  -1  0   0  0  1  0  1  0/0    12:21   0:17   0:00 
Nikolai Kulemin          0  0  0   0  0   0  0  0  0  0  0/0     6:21   0:00   0:00 
Pascal Dupuis            0  0  0  -1  0   2  1  0  0  0  0/1    13:20   0:00   2:56 
R.J. Umberger            0  1  1  -1  0   2  1  0  1  2  1/3    20:33   3:28   0:05 
Rich Peverley            0  1  1   0  0   5  1  0  0  0  3/8    16:28   3:37   0:00 
Toni Lydman              0  0  0  -2  0   1  1  5  1  1  0/0    19:35   2:32   1:38 

3 Stars

1 - Daymond Langkow (Ott)
2 - Darcy Hordichuk (Ott)
3 - Alexei Kovalev (Que)

Power Play

Senateurs - 1 on 3 Attempt(s) - 33,33%
Nordiques - 1 on 5 Attempt(s) - 20,00%

Penalty Kill

Senateurs - 4 on 5 Attempt(s) - 80,00% - Score 0 goal in Penalty Kill
Nordiques - 2 on 3 Attempt(s) - 66,67% - Score 0 goal in Penalty Kill

Team Stat

Senateurs - Hits : 24 - Faceoff Wins : 33 - Blocked Shots : 13 - Penalty Minutes : 10
Nordiques - Hits : 20 - Faceoff Wins : 30 - Blocked Shots : 15 - Penalty Minutes : 6

Official

Referees : Ciamaga Chris and Morton Dean
Linesman : Michel Cormier and Dan Schachte

Game Notes

Chris Drury is injured at 11:41 of 3rd period (Sore Left Knee)

Finance

Level 1 -- Attendance: 3526 (58,77%) -- Ticket Income 423 120 $
Level 2 -- Attendance: 2894 (57,88%) -- Ticket Income 217 050 $
Level 3 -- Attendance: 1070 (53,50%) -- Ticket Income 53 500 $
Level 4 -- Attendance: 1623 (40,58%) -- Ticket Income 64 920 $
Luxury Box -- Attendance: 807 (80,70%) -- Ticket Income 145 260 $
Game was played at the Centre Videotron.
Total Attendance: 9920 (55,11%)
Total Ticket Income: 903 850 $
Other Income: 135 578 $
Total Income: 1 039 428 $

Senateurs

5 vs 5 Forward 
   Center                   Left Wing                Right Wing               Time % Phy DF OF 
 1 Gilbert Brule            Andy McDonald            Jean-Pierre Dumont       39     1   2  2  
 2 Daymond Langkow          Darcy Hordichuk          Todd Bertuzzi            29     1   2  2  
 3 Andrew Ebbett            Andy Hilbert             B.J. Crombeen            20     1   2  2  
 4 Brandon Dubinsky         Michal Grosek            Ales Kotalik             12     1   2  2  

5 vs 5 Defense 
   Defense                  Defense                                           Time % Phy DF OF 
 1 Vitaly Vishnevsky        Kurtis Foster                                     40     1   2  2  
 2 Carlo Colaiacovo         Dan Girardi                                       30     1   2  2  
 3 Vladimir Mihalik         Richard Lintner                                   20     1   2  2  
 4 Vitaly Vishnevsky        Kurtis Foster                                     10     1   2  2  

PowerPlay Forward 
   Center                   Left Wing                Right Wing               Time % Phy DF OF 
 1 Gilbert Brule            Andy McDonald            Jean-Pierre Dumont       60     0   2  3  
 2 Daymond Langkow          Darcy Hordichuk          Todd Bertuzzi            40     0   2  3  

PowerPlay Defense
   Defense                  Defense                                           Time % Phy DF OF 
 1 Vitaly Vishnevsky        Kurtis Foster                                     60     1   2  2  
 2 Carlo Colaiacovo         Dan Girardi                                       40     1   2  2  

Penalty Kill 4 Players Forward 
   Center                   Wing                     Time % Phy DF OF 
 1 Gilbert Brule            Jean-Pierre Dumont       60     0   3  2  
 2 Daymond Langkow          Andy McDonald            40     0   3  2  

Penalty Kill 4 Players Defense
   Defense                  Defense                  Time % Phy DF OF 
 1 Vitaly Vishnevsky        Kurtis Foster            60     1   2  2  
 2 Carlo Colaiacovo         Dan Girardi              40     1   2  2  

Penalty Kill - 3 Players Forward 
   Forward                                           Time % Phy DF OF 
 1 Gilbert Brule                                     60     0   3  2  
 2 Jean-Pierre Dumont                                40     0   3  2  

Penalty Kill - 3 Players Defense
   Defense                  Defense                  Time % Phy DF OF 
 1 Vitaly Vishnevsky        Kurtis Foster            60     1   2  2  
 2 Carlo Colaiacovo         Dan Girardi              40     1   2  2  

4 vs 4 Forward 
   Center                   Wing                     Time % Phy DF OF 
 1 Gilbert Brule            Jean-Pierre Dumont       60     1   2  2  
 2 Daymond Langkow          Andy McDonald            40     1   2  2  

4 vs 4 Defense
   Defense                  Defense                  Time % Phy DF OF 
 1 Vitaly Vishnevsky        Kurtis Foster            60     1   2  2  
 2 Carlo Colaiacovo         Dan Girardi              40     1   2  2  

Last Minutes Offensive
   Center                   Left Wing                Right Wing               Defense                  Defense                  
   Gilbert Brule            Andy McDonald            Jean-Pierre Dumont       Vitaly Vishnevsky        Kurtis Foster            

Last Minutes Defensive
   Center                   Left Wing                Right Wing               Defense                  Defense                  
   Gilbert Brule            Andy McDonald            Jean-Pierre Dumont       Vitaly Vishnevsky        Kurtis Foster            

Goaltenders
Starting : Ondrej Pavelec           
Backup : Marty Turco              

Extra Forwards
Normal : B.J. Crombeen, Andy Hilbert, Andrew Ebbett - PP : B.J. Crombeen, Andy Hilbert - PK : Andrew Ebbett
Extra Defensemen
Normal : Vladimir Mihalik, Richard Lintner, Carlo Colaiacovo - PP : Vladimir Mihalik - PK : Richard Lintner, Carlo Colaiacovo
Penalty Shots
Gilbert Brule, Jean-Pierre Dumont, Daymond Langkow, Andy McDonald, Todd Bertuzzi

Nordiques

5 vs 5 Forward 
   Center                   Left Wing                Right Wing               Time % Phy DF OF 
 1 Chris Drury              R.J. Umberger            Daniel Briere            40     1   2  2  
 2 Rich Peverley            Kyle Calder              Alexei Kovalev           30     1   2  2  
 3 Jarret Stoll             Matt Moulson             Pascal Dupuis            20     1   2  2  
 4 Chris Drury              Nikolai Kulemin          Chris Neil               10     1   2  2  

5 vs 5 Defense 
   Defense                  Defense                                           Time % Phy DF OF 
 1 Fedor Tyutin             Kristopher Letang                                 40     1   2  2  
 2 Mark Eaton               Toni Lydman                                       30     1   2  2  
 3 Niclas Wallin            Niklas Kronwall                                   20     1   2  2  
 4 Kristopher Letang        Fedor Tyutin                                      10     1   2  2  

PowerPlay Forward 
   Center                   Left Wing                Right Wing               Time % Phy DF OF 
 1 Chris Drury              R.J. Umberger            Daniel Briere            60     1   2  2  
 2 Rich Peverley            Kyle Calder              Alexei Kovalev           40     1   2  2  

PowerPlay Defense
   Defense                  Defense                                           Time % Phy DF OF 
 1 Fedor Tyutin             Kristopher Letang                                 60     1   2  2  
 2 Mark Eaton               Toni Lydman                                       40     1   2  2  

Penalty Kill 4 Players Forward 
   Center                   Wing                     Time % Phy DF OF 
 1 Mike Zigomanis           Pascal Dupuis            60     1   2  2  
 2 Chris Neil               Kyle Calder              40     1   2  2  

Penalty Kill 4 Players Defense
   Defense                  Defense                  Time % Phy DF OF 
 1 Fedor Tyutin             Kristopher Letang        60     1   2  2  
 2 Mark Eaton               Toni Lydman              40     1   2  2  

Penalty Kill - 3 Players Forward 
   Forward                                           Time % Phy DF OF 
 1 Mike Zigomanis                                    60     1   2  2  
 2 Pascal Dupuis                                     40     1   2  2  

Penalty Kill - 3 Players Defense
   Defense                  Defense                  Time % Phy DF OF 
 1 Fedor Tyutin             Kristopher Letang        60     1   2  2  
 2 Mark Eaton               Toni Lydman              40     1   2  2  

4 vs 4 Forward 
   Center                   Wing                     Time % Phy DF OF 
 1 Chris Drury              Daniel Briere            60     1   2  2  
 2 R.J. Umberger            Kyle Calder              40     1   2  2  

4 vs 4 Defense
   Defense                  Defense                  Time % Phy DF OF 
 1 Fedor Tyutin             Kristopher Letang        60     1   2  2  
 2 Mark Eaton               Toni Lydman              40     1   2  2  

Last Minutes Offensive
   Center                   Left Wing                Right Wing               Defense                  Defense                  
   Chris Drury              R.J. Umberger            Daniel Briere            Fedor Tyutin             Kristopher Letang        

Last Minutes Defensive
   Center                   Left Wing                Right Wing               Defense                  Defense                  
   Mike Zigomanis           Pascal Dupuis            Chris Neil               Fedor Tyutin             Kristopher Letang        

Goaltenders
Starting : Martin Brodeur           
Backup : Julien Ellis             

Extra Forwards
Normal : Chris Drury, Daniel Briere, Alexei Kovalev - PP : Chris Drury, Daniel Briere - PK : Pascal Dupuis
Extra Defensemen
Normal : Kristopher Letang, Fedor Tyutin, Niclas Wallin - PP : Kristopher Letang - PK : Fedor Tyutin, Toni Lydman
Penalty Shots
Chris Drury, Daniel Briere, R.J. Umberger, Nikolai Kulemin, Alexei Kovalev

% Time on Ice - Senateurs

Lines # - Real PCT - Wanted PCT - Time Play
Normal Forward
1 - 32% - 39% - 15:10
2 - 30% - 29% - 14:14
3 - 19% - 20% - 8:57
4 - 19% - 12% - 9:00
Normal Defense
1 - 40% - 40% - 18:52
2 - 33% - 30% - 15:32
3 - 24% - 20% - 11:13
4 - 4% - 10% - 1:44
PP Forward
1 - 55% - 60% - 2:09
2 - 45% - 40% - 1:47
PP Defense
1 - 46% - 60% - 1:48
2 - 54% - 40% - 2:08
PK Forward
1 - 73% - 60% - 5:39
2 - 27% - 40% - 2:07
PK Defense
1 - 67% - 60% - 5:14
2 - 33% - 40% - 2:32
PK3 Forward
1 - 0% - 60%
2 - 0% - 40%
PK3 Defense
1 - 0% - 60%
2 - 0% - 40%
44 Forward
1 - 100% - 60% - 0:57
2 - 0% - 40% - 0:00
44 Defense
1 - 81% - 60% - 0:46
2 - 19% - 40% - 0:11
Last Minute Offensive  - 0:00
Last Minute Defensive  - 0:00
Total
Forward - 60:00
Defense - 60:00

% Time on Ice - Nordiques

Lines # - Real PCT - Wanted PCT - Time Play
Normal Forward
1 - 36% - 40% - 17:02
2 - 29% - 30% - 13:46
3 - 22% - 20% - 10:12
4 - 13% - 10% - 6:21
Normal Defense
1 - 41% - 40% - 19:38
2 - 31% - 30% - 14:53
3 - 24% - 20% - 11:30
4 - 3% - 10% - 1:20
PP Forward
1 - 53% - 60% - 4:06
2 - 47% - 40% - 3:40
PP Defense
1 - 67% - 60% - 5:14
2 - 33% - 40% - 2:32
PK Forward
1 - 88% - 60% - 3:27
2 - 12% - 40% - 0:29
PK Defense
1 - 58% - 60% - 2:18
2 - 42% - 40% - 1:38
PK3 Forward
1 - 0% - 60%
2 - 0% - 40%
PK3 Defense
1 - 0% - 60%
2 - 0% - 40%
44 Forward
1 - 82% - 60% - 0:47
2 - 18% - 40% - 0:10
44 Defense
1 - 44% - 60% - 0:25
2 - 56% - 40% - 0:32
Last Minute Offensive  - 0:00
Last Minute Defensive  - 0:00
Total
Forward - 60:00
Defense - 60:00

Play by Play

1st period


0:01 of 1st period - Gilbert Brule wins face-off versus R.J. Umberger in neutral zone.
0:07 of 1st period - Icing by Kristopher Letang.
0:08 of 1st period - Chris Drury wins face-off versus Jean-Pierre Dumont in Nordiques zone.
0:20 of 1st period - Off-side.
0:21 of 1st period - Daymond Langkow wins face-off versus Rich Peverley in neutral zone.
0:24 of 1st period - Mark Eaton is hit by Darcy Hordichuk and loses puck.
0:35 of 1st period - Wrist shot by Rich Peverley.
0:35 of 1st period - Stopped by Ondrej Pavelec without a rebound.
0:36 of 1st period - Andrew Ebbett wins face-off versus Jarret Stoll in Senateurs zone.
1:06 of 1st period - Slapshot by Chris Drury.
1:06 of 1st period - Stopped by Ondrej Pavelec without a rebound.
1:07 of 1st period - Gilbert Brule wins face-off versus Chris Drury in Senateurs zone.
1:07 of 1st period - Gilbert Brule is hit by Fedor Tyutin.
1:50 of 1st period - Icing by Alexei Kovalev.
1:51 of 1st period - Andrew Ebbett wins face-off versus Rich Peverley in Nordiques zone.
1:56 of 1st period - Wrist shot by Gilbert Brule.
1:56 of 1st period - Shot Misses the Net.
2:20 of 1st period - Icing by Brandon Dubinsky.
2:21 of 1st period - Brandon Dubinsky wins face-off versus Chris Drury in Senateurs zone.
2:28 of 1st period - Wrist shot by Brandon Dubinsky.
2:28 of 1st period - Stopped by Martin Brodeur with a rebound.
2:30 of 1st period - Snap shot by Dan Girardi.
2:30 of 1st period - Stopped by Martin Brodeur with a rebound.
3:18 of 1st period - Wrist shot by Chris Drury.
3:18 of 1st period - Shot Misses the Net.
3:24 of 1st period - Snap shot by Brandon Dubinsky.
3:24 of 1st period - Shot Misses the Net.
3:26 of 1st period - Slapshot by Brandon Dubinsky.
3:26 of 1st period - Shot Misses the Net.
3:28 of 1st period - Slapshot by Dan Girardi.
3:28 of 1st period - Shot Blocked by Mark Eaton.
3:30 of 1st period - Slapshot by Dan Girardi.
3:30 of 1st period - Shot Blocked by Toni Lydman.
3:50 of 1st period - Wrist shot by Daniel Briere.
3:50 of 1st period - Shot Misses the Net.
4:23 of 1st period - Snap shot by Ales Kotalik.
4:23 of 1st period - Stopped by Martin Brodeur without a rebound.
4:24 of 1st period - Gilbert Brule wins face-off versus Jarret Stoll in Nordiques zone.
4:31 of 1st period - Wrist shot by Gilbert Brule.
4:31 of 1st period - Stopped by Martin Brodeur with a rebound.
4:33 of 1st period - Snap shot by Gilbert Brule.
4:33 of 1st period - Stopped by Martin Brodeur with a rebound.
4:49 of 1st period - Kristopher Letang is hit by B.J. Crombeen and loses puck.
5:30 of 1st period - Minor Penalty to Vladimir Mihalik for Hooking.
5:31 of 1st period - Rich Peverley wins face-off versus Gilbert Brule in Senateurs zone.
6:19 of 1st period - Kurtis Foster is hit by Chris Neil and loses puck.
7:19 of 1st period - Niklas Kronwall is hit by Vitaly Vishnevsky and loses puck.
7:30 of 1st period - Penalty to Vladimir Mihalik is over, Vladimir Mihalik is back on ice.
7:44 of 1st period - Niclas Wallin is hit by Kurtis Foster and loses puck.
7:55 of 1st period - Snap shot by Andy McDonald.
7:55 of 1st period - Shot Misses the Net.
7:59 of 1st period - Slapshot by Andy McDonald.
7:59 of 1st period - Shot Misses the Net.
8:01 of 1st period - Slapshot by Kurtis Foster.
8:01 of 1st period - Stopped by Martin Brodeur with a rebound.
8:03 of 1st period - Slapshot by Kurtis Foster.
8:03 of 1st period - Stopped by Martin Brodeur without a rebound.
8:04 of 1st period - Rich Peverley wins face-off versus Andrew Ebbett in Nordiques zone.
8:04 of 1st period - Rich Peverley is hit by Andrew Ebbett.
8:38 of 1st period - Backhand shot by Ales Kotalik.
8:38 of 1st period - Stopped by Martin Brodeur with a rebound.
9:15 of 1st period - Snap shot by Todd Bertuzzi.
9:15 of 1st period - Shot Misses the Net.
9:35 of 1st period - Wrist shot by Darcy Hordichuk.
9:35 of 1st period - Stopped by Martin Brodeur without a rebound.
9:36 of 1st period - Todd Bertuzzi wins face-off versus Jarret Stoll in Nordiques zone.
9:39 of 1st period - Snap shot by Daymond Langkow.
9:39 of 1st period - Shot Misses the Net.
10:22 of 1st period - Vitaly Vishnevsky is hit by R.J. Umberger and loses puck.
10:29 of 1st period - Snap shot by Kurtis Foster.
10:29 of 1st period - Stopped by Martin Brodeur with a rebound.
10:48 of 1st period - Chris Drury is hit by Michal Grosek.
10:52 of 1st period - Michal Grosek is hit by Niclas Wallin and loses puck.
11:37 of 1st period - Icing by Vladimir Mihalik.
11:38 of 1st period - Gilbert Brule wins face-off versus Jarret Stoll in Senateurs zone.
12:05 of 1st period - Kyle Calder is hit by Darcy Hordichuk.
12:13 of 1st period - Snap shot by Alexei Kovalev.
12:13 of 1st period - Shot Blocked by Vladimir Mihalik.
12:33 of 1st period - Snap shot by Andrew Ebbett.
12:33 of 1st period - Stopped by Martin Brodeur without a rebound.
12:34 of 1st period - Gilbert Brule wins face-off versus Rich Peverley in Nordiques zone.
12:39 of 1st period - Snap shot by Gilbert Brule.
12:39 of 1st period - Shot Blocked by Niklas Kronwall.
12:41 of 1st period - Snap shot by Gilbert Brule.
12:41 of 1st period - Shot Hit the Post.
12:43 of 1st period - Wrist shot by Andy McDonald.
12:43 of 1st period - Stopped by Martin Brodeur with a rebound.
12:45 of 1st period - Slapshot by Vitaly Vishnevsky.
12:45 of 1st period - Shot Blocked by Kyle Calder.
12:47 of 1st period - Slapshot by Vitaly Vishnevsky.
12:47 of 1st period - Shot Blocked by Niclas Wallin.
12:49 of 1st period - Snap shot by Jean-Pierre Dumont.
12:49 of 1st period - Shot Misses the Net.
13:01 of 1st period - Vitaly Vishnevsky is hit by Daniel Briere and loses puck.
13:08 of 1st period - Snap shot by Daymond Langkow.
13:08 of 1st period - Goal by Daymond Langkow - Senateurs : 1 - Nordiques : 0.
13:09 of 1st period - Chris Drury wins face-off versus Gilbert Brule in neutral zone.
13:12 of 1st period - Vitaly Vishnevsky is hit by Daniel Briere and loses puck.
15:08 of 1st period - Slapshot by Fedor Tyutin.
15:08 of 1st period - Shot Misses the Net.
15:10 of 1st period - Snap shot by Matt Moulson.
15:10 of 1st period - Shot Blocked by Andrew Ebbett.
15:28 of 1st period - Wrist shot by Kyle Calder.
15:28 of 1st period - Deflect By Rich Peverley.
15:28 of 1st period - Stopped by Ondrej Pavelec with a rebound.
16:07 of 1st period - Minor Penalty to Daymond Langkow for Interference.
16:08 of 1st period - Gilbert Brule wins face-off versus Chris Drury in Senateurs zone.
16:19 of 1st period - Kurtis Foster is hit by Fedor Tyutin.
16:37 of 1st period - Snap shot by Fedor Tyutin.
16:37 of 1st period - Shot Blocked by Kurtis Foster.
16:39 of 1st period - Slapshot by Kristopher Letang.
16:39 of 1st period - Stopped by Ondrej Pavelec with a rebound.
16:41 of 1st period - Snap shot by Rich Peverley.
16:41 of 1st period - Stopped by Ondrej Pavelec without a rebound.
16:42 of 1st period - Chris Drury wins face-off versus Andrew Ebbett in Senateurs zone.
16:53 of 1st period - Snap shot by Chris Drury.
16:53 of 1st period - Shot Blocked by Andy McDonald.
17:33 of 1st period - Wrist shot by Chris Drury.
17:33 of 1st period - Shot Misses the Net.
18:07 of 1st period - Penalty to Daymond Langkow is over, Daymond Langkow is back on ice.
18:15 of 1st period - Daymond Langkow is hit by Kristopher Letang and loses puck.
18:34 of 1st period - Slapshot by Chris Drury.
18:34 of 1st period - Shot Blocked by Richard Lintner.
19:16 of 1st period - Kurtis Foster is hit by Daniel Briere and loses puck.
19:21 of 1st period - Snap shot by R.J. Umberger.
19:21 of 1st period - Stopped by Ondrej Pavelec without a rebound.
19:22 of 1st period - Andy McDonald wins face-off versus Alexei Kovalev in Senateurs zone.
19:22 of 1st period - Andy McDonald is hit by Alexei Kovalev.
19:36 of 1st period - Off-side.
19:37 of 1st period - Chris Drury wins face-off versus Daymond Langkow in neutral zone.
Goals for this period are 1 for Senateurs vs 0 for Nordiques.
Shots for this period are 13 for Senateurs vs 6 for Nordiques.

2nd period


0:01 of 2nd period - Chris Drury wins face-off versus Gilbert Brule in neutral zone.
0:04 of 2nd period - Slapshot by Kristopher Letang.
0:04 of 2nd period - Shot Blocked by Kurtis Foster.
0:47 of 2nd period - Slapshot by Brandon Dubinsky.
0:47 of 2nd period - Shot Misses the Net.
0:55 of 2nd period - Wrist shot by Rich Peverley.
0:55 of 2nd period - Stopped by Ondrej Pavelec with a rebound.
0:57 of 2nd period - Slapshot by Fedor Tyutin.
0:57 of 2nd period - Deflect By Dan Girardi.
0:57 of 2nd period - Stopped by Ondrej Pavelec with a rebound.
0:59 of 2nd period - Snap shot by Fedor Tyutin.
0:59 of 2nd period - Shot Blocked by Dan Girardi.
1:29 of 2nd period - Wrist shot by Alexei Kovalev.
1:29 of 2nd period - Stopped by Ondrej Pavelec with a rebound.
1:37 of 2nd period - Slapshot by Kristopher Letang.
1:37 of 2nd period - Stopped by Ondrej Pavelec with a rebound.
1:39 of 2nd period - Snap shot by Kyle Calder.
1:39 of 2nd period - Deflect By Alexei Kovalev.
1:39 of 2nd period - Goal by Alexei Kovalev - Senateurs : 1 - Nordiques : 1.
1:40 of 2nd period - Gilbert Brule wins face-off versus Chris Drury in neutral zone.
1:46 of 2nd period - Off-side.
1:47 of 2nd period - Chris Drury wins face-off versus Gilbert Brule in neutral zone.
2:02 of 2nd period - Slapshot by Vitaly Vishnevsky.
2:02 of 2nd period - Shot Blocked by Toni Lydman.
2:22 of 2nd period - Wrist shot by Andrew Ebbett.
2:22 of 2nd period - Stopped by Martin Brodeur without a rebound.
2:23 of 2nd period - Chris Drury wins face-off versus Gilbert Brule in Nordiques zone.
3:17 of 2nd period - Wrist shot by Jarret Stoll.
3:17 of 2nd period - Shot Blocked by B.J. Crombeen.
3:32 of 2nd period - Snap shot by Kristopher Letang.
3:32 of 2nd period - Stopped by Ondrej Pavelec without a rebound.
3:33 of 2nd period - Chris Drury wins face-off versus Gilbert Brule in Senateurs zone.
3:42 of 2nd period - Backhand shot by Chris Drury.
3:42 of 2nd period - Shot Misses the Net.
3:44 of 2nd period - Snap shot by Daniel Briere.
3:44 of 2nd period - Goal by Daniel Briere - Senateurs : 1 - Nordiques : 2.
3:45 of 2nd period - Chris Drury wins face-off versus Gilbert Brule in neutral zone.
4:00 of 2nd period - Wrist shot by Jean-Pierre Dumont.
4:00 of 2nd period - Stopped by Martin Brodeur with a rebound.
4:12 of 2nd period - Todd Bertuzzi is hit by Kyle Calder and loses puck.
6:08 of 2nd period - Snap shot by Andy McDonald.
6:08 of 2nd period - Shot Blocked by Toni Lydman.
6:22 of 2nd period - Slapshot by Chris Drury.
6:22 of 2nd period - Stopped by Ondrej Pavelec without a rebound.
6:23 of 2nd period - Jarret Stoll wins face-off versus Todd Bertuzzi in Senateurs zone.
6:23 of 2nd period - Jarret Stoll is hit by Vitaly Vishnevsky.
6:28 of 2nd period - Minor Penalty to Daymond Langkow for Tripping.
6:29 of 2nd period - Gilbert Brule wins face-off versus Chris Drury in Senateurs zone.
6:45 of 2nd period - Wrist shot by Gilbert Brule.
6:45 of 2nd period - Stopped by Martin Brodeur without a rebound.
6:46 of 2nd period - Gilbert Brule wins face-off versus Chris Drury in Nordiques zone.
6:49 of 2nd period - Snap shot by Gilbert Brule.
6:49 of 2nd period - Shot Blocked by Kristopher Letang.
7:15 of 2nd period - Wrist shot by Rich Peverley.
7:15 of 2nd period - Deflect By Alexei Kovalev.
7:15 of 2nd period - Goal by Alexei Kovalev - Senateurs : 1 - Nordiques : 3.
7:16 of 2nd period - Chris Drury wins face-off versus Gilbert Brule in neutral zone.
7:43 of 2nd period - Kristopher Letang is hit by Todd Bertuzzi and loses puck.
8:28 of 2nd period - Slapshot by Ales Kotalik.
8:28 of 2nd period - Stopped by Martin Brodeur with a rebound.
8:54 of 2nd period - Rich Peverley is hit by Carlo Colaiacovo and loses puck.
9:02 of 2nd period - Icing by Niclas Wallin.
9:03 of 2nd period - Chris Drury wins face-off versus Daymond Langkow in Nordiques zone.
9:18 of 2nd period - Snap shot by Daniel Briere.
9:18 of 2nd period - Shot Blocked by Kurtis Foster.
9:20 of 2nd period - Snap shot by Chris Drury.
9:20 of 2nd period - Stopped by Ondrej Pavelec without a rebound.
9:21 of 2nd period - Rich Peverley wins face-off versus Gilbert Brule in Senateurs zone.
9:43 of 2nd period - Rich Peverley is hit by Jean-Pierre Dumont and loses puck.
10:28 of 2nd period - Snap shot by Rich Peverley.
10:28 of 2nd period - Stopped by Ondrej Pavelec without a rebound.
10:29 of 2nd period - Daymond Langkow wins face-off versus Chris Drury in Senateurs zone.
11:18 of 2nd period - B.J. Crombeen is hit by Chris Drury and loses puck.
11:49 of 2nd period - Daniel Briere is hit by Vladimir Mihalik and loses puck.
12:09 of 2nd period - Off-side.
12:10 of 2nd period - Daymond Langkow wins face-off versus Alexei Kovalev in neutral zone.
12:22 of 2nd period - Fedor Tyutin is hit by Vitaly Vishnevsky and loses puck.
12:37 of 2nd period - Darcy Hordichuk is hit by Matt Moulson and loses puck.
12:47 of 2nd period - Minor Penalty to Kurtis Foster for Hooking.
12:48 of 2nd period - Chris Drury wins face-off versus Gilbert Brule in Senateurs zone.
13:33 of 2nd period - Slapshot by Andy McDonald.
13:33 of 2nd period - Shot Misses the Net.
14:37 of 2nd period - Fedor Tyutin is hit by Vitaly Vishnevsky and loses puck.
14:47 of 2nd period - Penalty to Kurtis Foster is over, Kurtis Foster is back on ice.
15:00 of 2nd period - Slapshot by Brandon Dubinsky.
15:00 of 2nd period - Shot Misses the Net.
15:02 of 2nd period - Backhand shot by Brandon Dubinsky.
15:02 of 2nd period - Stopped by Martin Brodeur with a rebound.
15:12 of 2nd period - Snap shot by Pascal Dupuis.
15:12 of 2nd period - Shot Blocked by Vladimir Mihalik.
15:33 of 2nd period - Snap shot by B.J. Crombeen.
15:33 of 2nd period - Shot Misses the Net.
17:00 of 2nd period - Snap shot by Ales Kotalik.
17:00 of 2nd period - Shot Misses the Net.
17:02 of 2nd period - Wrist shot by Ales Kotalik.
17:02 of 2nd period - Stopped by Martin Brodeur with a rebound.
17:04 of 2nd period - Backhand shot by Richard Lintner.
17:04 of 2nd period - Stopped by Martin Brodeur with a rebound.
17:06 of 2nd period - Wrist shot by Brandon Dubinsky.
17:06 of 2nd period - Shot Misses the Net.
17:28 of 2nd period - Daymond Langkow is hit by Mark Eaton.
18:24 of 2nd period - Chris Drury is hit by Kurtis Foster and loses puck.
18:51 of 2nd period - Backhand shot by Gilbert Brule.
18:51 of 2nd period - Stopped by Martin Brodeur with a rebound.
18:53 of 2nd period - Slapshot by Richard Lintner.
18:53 of 2nd period - Shot Blocked by Jarret Stoll.
19:44 of 2nd period - Snap shot by Dan Girardi.
19:44 of 2nd period - Stopped by Martin Brodeur without a rebound.
19:45 of 2nd period - Gilbert Brule wins face-off versus Chris Drury in Nordiques zone.
Goals for this period are 0 for Senateurs vs 3 for Nordiques.
Shots for this period are 9 for Senateurs vs 11 for Nordiques.

3rd period


0:01 of 3rd period - Chris Drury wins face-off versus Gilbert Brule in neutral zone.
0:10 of 3rd period - Snap shot by R.J. Umberger.
0:10 of 3rd period - Stopped by Ondrej Pavelec without a rebound.
0:11 of 3rd period - Gilbert Brule wins face-off versus R.J. Umberger in Senateurs zone.
0:11 of 3rd period - Gilbert Brule is hit by Chris Drury.
0:17 of 3rd period - Snap shot by Kurtis Foster.
0:17 of 3rd period - Stopped by Martin Brodeur with a rebound.
0:19 of 3rd period - Wrist shot by Jean-Pierre Dumont.
0:19 of 3rd period - Stopped by Martin Brodeur without a rebound.
0:20 of 3rd period - Gilbert Brule wins face-off versus Chris Drury in Nordiques zone.
0:26 of 3rd period - Minor Penalty to Chris Drury for Kneeing.
0:27 of 3rd period - Gilbert Brule wins face-off versus Mike Zigomanis in Nordiques zone.
0:27 of 3rd period - Slapshot by Jean-Pierre Dumont.
0:27 of 3rd period - Stopped by Martin Brodeur with a rebound.
0:29 of 3rd period - Wrist shot by Andy McDonald.
0:29 of 3rd period - Stopped by Martin Brodeur without a rebound.
0:30 of 3rd period - Mike Zigomanis wins face-off versus Gilbert Brule in Nordiques zone.
0:39 of 3rd period - Fedor Tyutin is hit by Vitaly Vishnevsky and loses puck.
1:59 of 3rd period - Icing by Darcy Hordichuk.
2:00 of 3rd period - Mike Zigomanis wins face-off versus Darcy Hordichuk in Senateurs zone.
2:11 of 3rd period - Slapshot by Vitaly Vishnevsky.
2:11 of 3rd period - Shot Blocked by Kristopher Letang.
2:26 of 3rd period - Penalty to Chris Drury is over, Chris Drury is back on ice.
2:32 of 3rd period - Chris Neil is hit by Carlo Colaiacovo and loses puck.
2:41 of 3rd period - Slapshot by Kristopher Letang.
2:41 of 3rd period - Stopped by Ondrej Pavelec with a rebound.
2:43 of 3rd period - Snap shot by Kyle Calder.
2:43 of 3rd period - Shot Misses the Net.
2:53 of 3rd period - Kyle Calder is hit by Michal Grosek and loses puck.
3:02 of 3rd period - Wrist shot by Chris Drury.
3:02 of 3rd period - Stopped by Ondrej Pavelec without a rebound.
3:03 of 3rd period - Daymond Langkow wins face-off versus Jarret Stoll in Senateurs zone.
3:10 of 3rd period - Slapshot by Vitaly Vishnevsky.
3:10 of 3rd period - Shot Blocked by Toni Lydman.
3:14 of 3rd period - Wrist shot by Darcy Hordichuk.
3:14 of 3rd period - Shot Blocked by Toni Lydman.
3:16 of 3rd period - Snap shot by Todd Bertuzzi.
3:16 of 3rd period - Stopped by Martin Brodeur with a rebound.
3:18 of 3rd period - Slapshot by Kurtis Foster.
3:18 of 3rd period - Stopped by Martin Brodeur without a rebound.
3:19 of 3rd period - Gilbert Brule wins face-off versus Chris Drury in Nordiques zone.
3:44 of 3rd period - Toni Lydman is hit by Kurtis Foster and loses puck.
3:51 of 3rd period - Wrist shot by Todd Bertuzzi.
3:51 of 3rd period - Stopped by Martin Brodeur with a rebound.
3:53 of 3rd period - Snap shot by Daymond Langkow.
3:53 of 3rd period - Stopped by Martin Brodeur without a rebound.
3:54 of 3rd period - Gilbert Brule wins face-off versus Chris Drury in Nordiques zone.
4:09 of 3rd period - Slapshot by Kristopher Letang.
4:09 of 3rd period - Shot Misses the Net.
4:15 of 3rd period - Minor Penalty to Jean-Pierre Dumont for Hooking.
4:16 of 3rd period - Chris Drury wins face-off versus Gilbert Brule in Senateurs zone.
5:01 of 3rd period - Snap shot by Alexei Kovalev.
5:01 of 3rd period - Shot Blocked by Dan Girardi.
5:03 of 3rd period - Slapshot by Fedor Tyutin.
5:03 of 3rd period - Stopped by Ondrej Pavelec without a rebound.
5:04 of 3rd period - Andrew Ebbett wins face-off versus Alexei Kovalev in Senateurs zone.
5:04 of 3rd period - Andrew Ebbett is hit by Toni Lydman.
5:10 of 3rd period - Toni Lydman is hit by Andrew Ebbett and loses puck.
5:17 of 3rd period - Minor Penalty to Kyle Calder for Holding.
5:18 of 3rd period - Chris Drury wins face-off versus Gilbert Brule in Nordiques zone.
6:15 of 3rd period - Penalty to Jean-Pierre Dumont is over, Jean-Pierre Dumont is back on ice.
6:38 of 3rd period - Kristopher Letang is hit by Andrew Ebbett.
6:44 of 3rd period - Slapshot by Jean-Pierre Dumont.
6:44 of 3rd period - Shot Misses the Net.
6:46 of 3rd period - Wrist shot by B.J. Crombeen.
6:46 of 3rd period - Shot Blocked by Fedor Tyutin.
6:48 of 3rd period - Snap shot by Andrew Ebbett.
6:48 of 3rd period - Stopped by Martin Brodeur with a rebound.
6:50 of 3rd period - Slapshot by Jean-Pierre Dumont.
6:50 of 3rd period - Stopped by Martin Brodeur without a rebound.
6:51 of 3rd period - Mike Zigomanis wins face-off versus Daymond Langkow in Nordiques zone.
7:02 of 3rd period - Slapshot by Kurtis Foster.
7:02 of 3rd period - Shot Misses the Net.
7:17 of 3rd period - Penalty to Kyle Calder is over, Kyle Calder is back on ice.
7:39 of 3rd period - Snap shot by Chris Drury.
7:39 of 3rd period - Stopped by Ondrej Pavelec without a rebound.
7:40 of 3rd period - Chris Drury wins face-off versus Daymond Langkow in Senateurs zone.
7:43 of 3rd period - Snap shot by R.J. Umberger.
7:43 of 3rd period - Deflect By Chris Drury.
7:43 of 3rd period - Shot Misses the Net.
7:43 of 3rd period - Puck is out of play.
7:44 of 3rd period - Chris Drury wins face-off versus Daymond Langkow in Senateurs zone.
8:35 of 3rd period - Snap shot by Andy Hilbert.
8:35 of 3rd period - Shot Misses the Net.
8:37 of 3rd period - Wrist shot by Andrew Ebbett.
8:37 of 3rd period - Goal by Andrew Ebbett - Senateurs : 2 - Nordiques : 3.
8:38 of 3rd period - Chris Drury wins face-off versus Andy McDonald in neutral zone.
9:11 of 3rd period - Off-side.
9:12 of 3rd period - Jean-Pierre Dumont wins face-off versus Rich Peverley in neutral zone.
9:38 of 3rd period - Wrist shot by Darcy Hordichuk.
9:38 of 3rd period - Stopped by Martin Brodeur with a rebound.
9:40 of 3rd period - Snap shot by Richard Lintner.
9:40 of 3rd period - Shot Misses the Net.
9:42 of 3rd period - Snap shot by Daymond Langkow.
9:42 of 3rd period - Goal by Daymond Langkow - Senateurs : 3 - Nordiques : 3.
9:43 of 3rd period - Chris Drury wins face-off versus Gilbert Brule in neutral zone.
9:46 of 3rd period - Slapshot by Kristopher Letang.
9:46 of 3rd period - Stopped by Ondrej Pavelec without a rebound.
9:47 of 3rd period - R.J. Umberger wins face-off versus Gilbert Brule in Senateurs zone.
10:04 of 3rd period - Snap shot by Daniel Briere.
10:04 of 3rd period - Shot Misses the Net.
10:15 of 3rd period - Off-side.
10:16 of 3rd period - Daymond Langkow wins face-off versus Rich Peverley in neutral zone.
10:19 of 3rd period - Slapshot by Todd Bertuzzi.
10:19 of 3rd period - Goal by Todd Bertuzzi - Senateurs : 4 - Nordiques : 3.
10:20 of 3rd period - Chris Drury wins face-off versus Gilbert Brule in neutral zone.
10:47 of 3rd period - Vitaly Vishnevsky is hit by Rich Peverley and loses puck.
10:54 of 3rd period - Snap shot by Kyle Calder.
10:54 of 3rd period - Shot Blocked by Kurtis Foster.
10:56 of 3rd period - Slapshot by Toni Lydman.
10:56 of 3rd period - Stopped by Ondrej Pavelec with a rebound.
11:12 of 3rd period - Wrist shot by B.J. Crombeen.
11:12 of 3rd period - Stopped by Martin Brodeur with a rebound.
11:14 of 3rd period - Slapshot by B.J. Crombeen.
11:14 of 3rd period - Stopped by Martin Brodeur with a rebound.
11:16 of 3rd period - Wrist shot by Kurtis Foster.
11:16 of 3rd period - Deflect By Matt Moulson.
11:16 of 3rd period - Stopped by Martin Brodeur without a rebound.
11:17 of 3rd period - Gilbert Brule wins face-off versus Daniel Briere in Nordiques zone.
11:26 of 3rd period - Snap shot by Daniel Briere.
11:26 of 3rd period - Stopped by Ondrej Pavelec with a rebound.
11:28 of 3rd period - Slapshot by Kristopher Letang.
11:28 of 3rd period - Shot Misses the Net.
11:40 of 3rd period - Chris Drury is hit by Dan Girardi.
11:41 of 3rd period - Chris Drury from Nordiques is injured at 11:41 of 3rd period (Sore Left Knee).
11:42 of 3rd period - Gilbert Brule wins face-off versus Alexei Kovalev in Nordiques zone.
11:45 of 3rd period - Wrist shot by Andy McDonald.
11:45 of 3rd period - Shot Misses the Net.
11:47 of 3rd period - Slapshot by Kurtis Foster.
11:47 of 3rd period - Deflect By Andy McDonald.
11:47 of 3rd period - Shot Blocked by Kristopher Letang.
11:47 of 3rd period - Puck is out of play.
11:48 of 3rd period - Gilbert Brule wins face-off versus Alexei Kovalev in Nordiques zone.
12:23 of 3rd period - Slapshot by Matt Moulson.
12:23 of 3rd period - Shot Misses the Net.
12:25 of 3rd period - Snap shot by Pascal Dupuis.
12:25 of 3rd period - Stopped by Ondrej Pavelec with a rebound.
13:21 of 3rd period - Jarret Stoll is hit by Todd Bertuzzi.
13:45 of 3rd period - Andy McDonald is hit by Kristopher Letang and loses puck.
13:58 of 3rd period - Slapshot by Rich Peverley.
13:58 of 3rd period - Shot Misses the Net.
14:24 of 3rd period - Vitaly Vishnevsky is hit by Pascal Dupuis and loses puck.
17:22 of 3rd period - Minor Penalty to Chris Neil for Hooking.
17:23 of 3rd period - Gilbert Brule wins face-off versus Pascal Dupuis in Nordiques zone.
17:52 of 3rd period - Off-side.
17:53 of 3rd period - Daymond Langkow wins face-off versus Mike Zigomanis in neutral zone.
18:10 of 3rd period - Toni Lydman is hit by Carlo Colaiacovo and loses puck.
18:15 of 3rd period - Backhand shot by Kurtis Foster.
18:15 of 3rd period - Shot Blocked by Mark Eaton.
18:17 of 3rd period - Snap shot by Darcy Hordichuk.
18:17 of 3rd period - Goal by Darcy Hordichuk - Senateurs : 5 - Nordiques : 3.
18:18 of 3rd period - Andrew Ebbett wins face-off versus Alexei Kovalev in neutral zone.
19:06 of 3rd period - Snap shot by R.J. Umberger.
19:06 of 3rd period - Shot Misses the Net.
19:09 of 3rd period - Icing by Vitaly Vishnevsky.
19:10 of 3rd period - Jarret Stoll wins face-off versus Daymond Langkow in Senateurs zone.
19:15 of 3rd period - Snap shot by Matt Moulson.
19:15 of 3rd period - Shot Misses the Net.
19:17 of 3rd period - Slapshot by Pascal Dupuis.
19:17 of 3rd period - Stopped by Ondrej Pavelec with a rebound.
19:19 of 3rd period - Wrist shot by Jarret Stoll.
19:19 of 3rd period - Shot Misses the Net.
19:21 of 3rd period - Wrist shot by Matt Moulson.
19:21 of 3rd period - Deflect By Jarret Stoll.
19:21 of 3rd period - Shot Blocked by Vitaly Vishnevsky.
19:21 of 3rd period - Puck is out of play.
19:22 of 3rd period - Jarret Stoll wins face-off versus Andrew Ebbett in Senateurs zone.
19:47 of 3rd period - Dan Girardi is hit by Alexei Kovalev.
Goals for this period are 4 for Senateurs vs 0 for Nordiques.
Shots for this period are 18 for Senateurs vs 10 for Nordiques.